 Dungeon Crawl Stone Soup version 0.29-a0-1009-g60c99734e7 (webtiles) character file.

Game seed: 11597505255614606561

15 flotson the Sneak (level 2, 0/24 HPs)
             Began as a Demonspawn Delver on Aug 9, 2022.
             Slain by a goblin
             ... wielding a +0 dagger
             ... led by Robin
              (4 damage)
             ... on level 3 of the Dungeon.
             The game lasted 00:01:51 (918 turns).

flotson the Sneak (Demonspawn Delver)                Turns: 918, Time: 00:01:51

Health: 0/24       AC:  3    Str: 12    XL:     2   Next: 34%
Magic:  2/2        EV: 12    Int: 11    God:
Gold:   64         SH:  0    Dex: 14    Spells: 1/1 levels left

rFire   . . .      SeeInvis .   a - +0 spear
rCold   . . .      Faith    .   (no shield)
rNeg    . . .      Spirit   .   b - +0 leather armour
rPois   .          Reflect  .   (no helmet)
rElec   .          Harm     .   (no cloak)
rCorr   .          Rampage  .   (no gloves)
Will    .....                   (no boots)
Stlth   ++........              (no amulet)
HPRegen 0.08/turn               (no ring)
MPRegen 0.08/turn               (no ring)

@: no status effects
A: weakness stinger 1
a: no special abilities


You were on level 3 of the Dungeon.
You visited 1 branch of the dungeon, and saw 4 of its levels.

You collected 64 gold pieces.

Inventory:

Hand Weapons
 a - a +0 spear (weapon)
Missiles
 k - 3 poisoned darts (quivered)
Armour
 b - a +0 leather armour (worn)
Wands
 g - a wand of digging (3)
 i - a wand of flame (5)
Scrolls
 c - a scroll of fog
 d - a scroll of magic mapping
 e - a scroll of identify {unknown}
 j - a scroll of teleportation {unknown}
 l - a scroll of blinking {unknown}


   Skills:
 + Level 3.1 Fighting
 - Level 1.7 Polearms
 + Level 0.3 Throwing
 + Level 0.6 Armour
 + Level 2.0 Dodging
 - Level 4.5 Stealth
 + Level 0.7 Evocations


You had one spell level left.
You didn't know any spells.
Your spell library was empty.

Dungeon Overview and Level Annotations

Branches:
Dungeon (5/15)
 Temple: D:4-7

Altars:

Annotations:
D:3 Robin, Terence


Innate Abilities, Weirdness & Mutations

You have a small tail.


Message History

You hit the hobgoblin.
You kill the hobgoblin!
The goblin hits you with a +0 club.
* * * LOW HITPOINT WARNING * * *
You hit the goblin. You tail-slap the goblin.
You kill the goblin!
The goblin closely misses you.
Things that are here:
a +0 club; a +0 dagger; a goblin corpse You hit the goblin.
You kill the goblin!
You start resting.
Your extra speed is starting to run out.
You start resting.
You feel yourself slow down.
You start resting.
HP restored.
There is a stone staircase leading up, spattered with blood here.
You climb upwards.
Level annotation: Robin, Terence The goblin shoots a sling bullet.
The sling bullet closely misses you.
The sling bullet closely misses the goblin.
The goblin hits you with a +0 dagger. Terence hits you with a +0 flail!
There is a stone staircase leading down, spattered with blood here.
The goblin hits you with a +0 dagger. Robin misses you.
Terence hits you with a +0 flail!
* * * LOW HITPOINT WARNING * * *
The goblin shoots a sling bullet.
The sling bullet barely misses you.
You climb downwards.
There is a stone staircase leading up, spattered with blood here.
You hit Terence. You tail-slap Terence.
Terence is lightly wounded.
Terence completely misses you. The goblin closely misses you.
Robin roars a battlecry!
The goblin goes into a battle-frenzy!
You hit Terence but do no damage.
You tail-slap Terence, but do no damage.
Terence is lightly wounded.
Terence closely misses you. The goblin hits you with a +0 dagger.
You die...

##############..
####..............#
.........>.)....# #
#......##@###.# .#
####...##@# #.# #.
#...##g###.# #
###.##g....#.#
#.######.#.#
##.#........# ###
##....####.###.....
#####.................#
..........####.####....
#######.#.# #.# #


You could see Terence, Robin and a goblin (strong).

Vanquished Creatures
  2 ball pythons (D:4)
  6 goblins (D:3)
  3 hobgoblins
11 creatures vanquished.

Notes
Turn   | Place    | Note
-------+----------+-------------------------------------------
     0 | D:5      | flotson the Demonspawn Delver began the quest for the Orb.
     0 | D:5      | Reached XP level 1. HP: 18/18 MP: 1/1
   367 | D:2      | Noticed Robin
   466 | D:2      | Noticed Terence
   562 | D:3      | Gained mutation: You have a small tail. [demonic ancestry]
   562 | D:3      | Reached XP level 2. HP: 21/24 MP: 2/2
   628 | D:3      | HP: 1/24 [hobgoblin[Robin] (2)]
   918 | D:3      | Slain by a goblin

Illustrated notes

Levels and vault maps discovered:
D:2:      layout_loops_corners, hellmonk_ecumenical_altar_prayer_group,
          uniq_terence, uniq_jessica, uniq_robin
D:3:      layout_loops_ring, serial_co_window_serial, co_window_paths_a,
          co_window_corner_a, co_window_paths_a, co_window_paths_a,
          co_window_of_opportunity_a, co_window_corner_a, co_window_paths_a,
          co_window_corner_cb, co_window_unsneaky_path_b, co_window_corner_b,
          co_window_of_opportunity_c, co_window_2corner, glass_columns_a,
          glass_columns_a, glass_columns_a, glass_columns_b, glass_columns_a,
          amcnicky_mini_corridor_feature
D:4:      layout_loops_ring, kennysheep_mini
D:5:      layout_gridville, minmay_temple_entry_hall

Skill      XL: |  1  2 |
---------------+-------+-----
Dodging        | 2 |  2.0
Fighting       | |  3.1
Polearms       | |  1.7
Throwing       | |  0.3
Armour         | |  0.6
Stealth        | |  4.5
Evocations     | |  0.7

Action                   || total
-------------------------++-------
Melee: Spear             ||    35
       Tailslap          ||     3
  Use: Potion            ||     4
       Scroll            ||     1
 Stab: Distracted        ||     1
       Sleeping          ||     1
Armor: Leather armour    ||    11
Dodge: Dodged            ||    22

Table legend: (Time is in decaauts)
 A = Elapsed time spent in this place.
 B = Non-inter-level travel time spent in this place.
 C = Inter-level travel time spent in this place.
 D = Time resting spent in this place.
 E = Time spent auto-exploring this place.
 F = Levels seen in this place.
 G = Mean time per level.
                   A        B        C        D        E       F      G
               +--------+--------+--------+--------+--------+-----+--------+
         Total |    907 |    874 |     33 |    328 |    411 |   4 |  226.8 |
       Dungeon |    907 |    874 |     33 |    328 |    411 |   4 |  226.8 |
               +--------+--------+--------+--------+--------+-----+--------+

Top non-repeatable levels by time:
     D:3: 543 daAuts
     D:4: 323 daAuts
     D:5: 31 daAuts
     D:2: 9 daAuts
